 Dungeon Crawl Stone Soup version 0.17.1-1-g73c8601 (webtiles) character file.

129 fredomojojo the Covert (level 4, -2/33 HPs)
             Began as a Vampire Assassin on Dec 20, 2015.
             Was an Initiate of Nemelex Xobeh.
             Slain by a worker ant (6 damage)
             ... on level 3 of the Dungeon.
             The game lasted 00:26:20 (2098 turns).

fredomojojo the Covert (Vampire Assassin)           Turns: 2098, Time: 00:26:20

Health: -2/33      AC:  7    Str: 10    XL:     4   Next: 88%
Magic:  4/4        EV: 13    Int: 13    God:    Nemelex Xobeh [......]
Gold:   86         SH:  0    Dex: 16    Spells: 0 memorised, 3 levels left

rFire  . . .     SeeInvis +     a - +2 dagger
rCold  . . .     Clarity  +     u - +0 robe
rNeg   + . .     SustAt   .     (no shield)
rPois  .         Gourm    .     (no helmet)
rElec  .         Spirit   .     d - +0 cloak
rCorr  .         Warding  .     e - +0 pair of gloves
rMut   .         Stasis   .     w - +0 pair of boots
MR     .....                    n - amulet of clarity
Stlth  ++++......               (no ring)
                                (no ring)

@: lethally poisoned (-2 -> -9), stone skin, not resistant to hostile
enchantments, stealthy
A: fangs 3, see invisible, unbreathing
a: Bat Form, Renounce Religion


You were on level 3 of the Dungeon.
You worshipped Nemelex Xobeh.
Nemelex Xobeh was noncommittal.
You were not thirsty.

You visited 1 branch of the dungeon, and saw 3 of its levels.

You collected 86 gold pieces.

Inventory:

Hand Weapons
 a - a +2 dagger (weapon)
 b - a +0 blowgun
 p - a +0 hunting sling
 s - a +2 dagger of venom
Missiles
 c - 5 poisoned needles
 f - 2 curare-tipped needles
Armour
 d - a +0 cloak (worn)
 e - a +0 pair of gloves (worn)
 u - a +0 robe (worn)
 w - a +0 pair of boots (worn)
Jewellery
 n - an amulet of clarity (around neck)
Scrolls
 j - a scroll of random uselessness {unknown}
 k - 3 scrolls of identify
 v - a scroll of amnesia {unknown}
Potions
 g - 14 potions of blood
 h - a potion of lignification {unknown}
 l - a potion of agility {unknown}
 o - a potion of resistance {unknown}
 r - a potion of haste {unknown}
 t - a potion of poison {unknown}
Miscellaneous
 q - a plain deck of war {drawn: 3}


   Skills:
 + Level 1.7 Fighting
 + Level 2.5 Short Blades
 + Level 1.7 Throwing
 * Level 3.0 Dodging
 + Level 8.2 Stealth


You had 3 spell levels left.
You didn't know any spells.

Dungeon Overview and Level Annotations

Branches:
Dungeon (3/15)

Altars:
Dithmenos
Nemelex Xobeh


Innate Abilities, Weirdness & Mutations

You have razor-sharp teeth.
You have supernaturally acute eyesight.
You can survive without breathing.


Message History

As you read the scroll labeled TURIESH MANY, it crumbles to dust.
It is a scroll of recharging.
You aren't carrying any rechargeable items.
* * * LOW HITPOINT WARNING * * *
You feel sick. The worker ant completely misses you.
Drink which item? (? for menu, Esc to quit)
You feel better. The worker ant bites you.
* * * LOW HITPOINT WARNING * * *
You are lethally poisoned!
The worker ant poisons you!
You draw a card...
It is the Elixir.
* * * LOW HITPOINT WARNING * * *
You feel sick. The worker ant bites you.
* * * LOW HITPOINT WARNING * * *
You barely miss the worker ant.
The worker ant is lightly wounded.
* * * LOW HITPOINT WARNING * * *
You feel sick. The worker ant bites you.
You die...
Your body disappears without a glow.

###########
######.........#
#..........###.#
#..........###.#
##............#.##.#.#
.............รท.........
.#####..#####<#....#.#.
#..# ######## #.@#
#.a......# #.........
#.......## #..(.....#
#..#.#.#.# (....... .
#..#.(.##


You could see a worker ant.

Vanquished Creatures
  Jessica (D:2)
  Robin (D:2)
  5 adders (D:2)
  5 giant geckos
  3 bats (D:1)
  6 hobgoblins
  5 kobolds
  2 ball pythons
  10 goblins
  5 rats
43 creatures vanquished.

Notes
Turn   | Place    | Note
--------------------------------------------------------------
     0 | D:1      | fredomojojo the Vampire Assassin began the quest for the Orb.
     0 | D:1      | Reached XP level 1. HP: 16/16 MP: 1/1
    33 | D:1      | Reached skill level 6 in Stealth
   222 | D:1      | Reached XP level 2. HP: 20/22 MP: 2/2
   615 | D:1      | Found a sparkling altar of Nemelex Xobeh.
   664 | D:1      | Became a worshipper of Nemelex Xobeh the Trickster
   739 | D:2      | Reached skill level 7 in Stealth
   766 | D:2      | Reached XP level 3. HP: 27/27 MP: 3/3
   884 | D:2      | Found a faded altar to an unknown god.
   884 | D:2      | Noticed Robin
   892 | D:2      | Noticed Jessica
   902 | D:2      | Killed Jessica
  1170 | D:2      | Received a gift from Nemelex Xobeh
  1177 | D:2      | Reached XP level 4. HP: 24/33 MP: 4/4
  1330 | D:2      | Killed Robin
  1341 | D:2      | Reached skill level 8 in Stealth
  1999 | D:2      | Found a shadowy altar of Dithmenos.
  2098 | D:3      | Slain by a worker ant

Action                   |  1- 3 |  4- 6 || total
-------------------------+-------+-------++-------
Melee: Dagger            |    45 |    68 ||   113
 Fire: Blowgun           |    12 |    15 ||    27
Evoke: Deck              |       |     3 ||     3
  Use: Potion            |     5 |     3 ||     8
       Scroll            |     1 |     1 ||     2
 Stab: Sleeping          |    11 |     2 ||    13
